Map: 乌雷纳

Players

iGRushcrazy

  • Race: Protoss Protoss
  • League: Master

iGXiGua - Winner!

  • Race: Zerg Zerg
  • League: Master

Event: GPL 2015 - Grand Finals

VOD

Have the link to the VOD?

Description

Time

  • Played on: Jan. 10, 2016, 6:40 a.m.
  • Length: 10:36

All games in this series

Show
View Real Time Build Order
Export as new Build Order

iGRushcrazy Protoss 

Build Orders: 1 Gate Expand 

Get SALT Encoding   

  12  0:00  Probe (Chrono Boost)  
  13  0:11  Probe (Chrono Boost)  
  14  0:18  Pylon  
  14  0:22  Probe (Chrono Boost)  
  15  0:37  Probe (Chrono Boost)  
  15  0:41  Gateway  
  16  0:47  Probe (Chrono Boost)  
  16  0:48  Assimilator  
  17  0:58  Probe (Chrono Boost)  
  18  1:08  Probe (Chrono Boost)  
  19  1:19  Probe (Chrono Boost)  
  20  1:29  Probe (Chrono Boost)  
  22  1:40  Nexus, Probe (Chrono Boost)  
  22  1:50  Cybernetics Core  
  22  1:51  Probe (Chrono Boost)  
  23  2:00  Pylon  
  23  2:18  Zealot (Chrono Boost), Probe  
  26  2:27  Warp Gate  
  26  2:32  Mothership Core (Chrono Boost)  
  28  2:42  Stalker  
  30  2:45  Assimilator  
  31  2:51  Probe (Chrono Boost)  
  31  2:55  Pylon  
  31  2:56  Probe (Chrono Boost)  
  32  3:02  Probe (Chrono Boost)  
  32  3:04  Pylon  
  33  3:07  Probe (Chrono Boost)  
  33  3:12  Probe (Chrono Boost)  
  35  3:17  Probe (Chrono Boost)  
  36  3:23  Robotics Facility, Probe (Chrono Boost), Assimilator  
  37  3:28  Probe (Chrono Boost)  
  37  3:33  Probe (Chrono Boost)  
  39  3:38  Probe (Chrono Boost)  
  40  3:44  Probe (Chrono Boost)  
  40  3:48  Sentry  
  43  3:49  Probe (Chrono Boost)  
  43  3:54  Probe (Chrono Boost)  
  45  3:56  Gateway  
  45  3:59  Probe (Chrono Boost)  
  45  4:02  Pylon  
  46  4:03  Assimilator  
  46  4:05  Probe (Chrono Boost)  
  46  4:06  Pylon, Gateway  
  46  4:09  Probe (Chrono Boost)  
  48  4:15  Robotics Bay  
  48  4:17  Probe (Chrono Boost)  
  48  4:18  Observer (Chrono Boost), Probe  
  51  4:29  Probe x2  
  53  4:35  Adept  
  55  4:40  Probe, Warp Prism (Chrono Boost)  
  55  4:41  Probe  
  59  4:50  Probe  
  60  4:53  Probe  
  60  4:57  Adept x2  
  65  5:00  Adept  
  65  5:01  Probe  
  68  5:12  Nexus  
  68  5:16  Pylon  
  68  5:20  Gravitic Drive (Chrono Boost)  
  68  5:24  Pylon  
  68  5:29  Pylon  
  68  5:33  Disruptor (Chrono Boost)  
  68  5:35  Probe  
  68  5:51  Probe  
  68  5:52  Pylon  
  68  5:53  Stalker x3  
  71  5:57  Pylon  
  71  5:58  Pylon  
  71  6:02  Stargate  
  71  6:09  Disruptor (Chrono Boost)  
  73  6:14  Probe  
  74  6:19  Forge  
  74  6:21  Pylon  
  74  6:24  Sentry, Stalker x2  
  80  6:28  Probe  
  81  6:35  Probe  
  81  6:36  Probe  
  81  6:38  Gateway  
  83  6:40  Probe  
  83  6:41  Gateway  
  83  6:43  Disruptor (Chrono Boost)  
  87  6:47  Sentry x2  
  87  6:48  Stalker  
  93  7:07  Phoenix (Chrono Boost)  
  95  7:10  Probe x2  
  95  7:11  Probe, Stargate  
  95  7:13  Pylon  
  95  7:14  Assimilator  
  98  7:16  Pylon  
  98  7:20  Probe x2  
  100  7:23  Probe  
  101  7:33  Stalker x3  
  101  7:34  Probe  
  108  7:40  Gateway  
  108  7:41  Phoenix (Chrono Boost)  
  108  7:43  Gateway  
  108  7:44  Gateway  
  110  7:47  Gateway  
  110  7:51  Twilight Council  
  110  7:52  Pylon  
  110  8:01  Phoenix (Chrono Boost)  
  110  8:02  Probe, Phoenix (Chrono Boost)  
  115  8:06  Assimilator  
  115  8:16  Forge  
  115  8:22  Phoenix (Chrono Boost)  
  115  8:23  Phoenix (Chrono Boost)  
  119  8:29  Probe, Stalker x3  
  119  8:31  Probe x2  
  128  8:35  Dark Shrine, Blink (Chrono Boost)  
  128  8:40  Probe  
  128  8:43  Probe  
  130  8:54  Phoenix  
  132  8:55  Phoenix  
  134  9:03  Zealot x3  
  134  9:04  Zealot x4  
  134  9:07  Pylon  
  148  9:19  Stalker  
  150  9:26  Stalker x7  
  164  9:46  Stalker  
  164  9:49  Zealot x3  
  172  9:54  Pylon  
  172  9:56  Pylon  
  172  9:57  Pylon  
  172  10:01  Pylon  
  172  10:02  Observer  
  173  10:10  Nexus  
  173  10:12  Zealot x2  
  177  10:27  Stalker x6  
Show
View Real Time Build Order
Export as new Build Order

iGXiGua Zerg - Winner!

Build Orders: Hatch First 

Get SALT Encoding   

  12  0:03  Drone  
  13  0:09  Drone  
  14  0:17  Overlord  
  14  0:23  Extractor  
  14  0:24  Drone  
  15  0:36  Drone x2  
  17  0:47  Drone  
  18  0:59  Hatchery  
  18  1:01  Drone  
  18  1:12  Drone  
  19  1:20  Spawning Pool  
  18  1:26  Drone  
  18  1:30  Drone  
  20  1:41  Drone  
  21  1:54  Extractor  
  21  1:55  Drone  
  21  2:08  Zergling x2  
  22  2:10  Queen  
  22  2:11  Queen  
  22  2:13  Zergling x4  
  28  2:30  Hatchery  
  28  2:32  Drone  
  28  2:38  Overlord  
  28  2:40  Overlord  
  28  2:46  Overlord  
  28  2:57  Drone x3  
  28  2:58  Drone  
  34  3:06  Drone  
  34  3:07  Drone, Extractor  
  34  3:08  Extractor  
  34  3:14  Queen  
  34  3:16  Drone  
  34  3:19  Drone  
  39  3:20  Drone  
  39  3:24  Drone x4  
  39  3:25  Drone  
  42  3:33  Drone  
  43  3:34  Drone  
  43  3:44  Roach Warren  
  43  3:46  Drone, Extractor  
  42  3:50  Drone  
  42  3:51  Drone  
  44  3:57  Queen  
  44  3:58  Metabolic Boost  
  44  3:59  Drone  
  44  4:00  Drone  
  49  4:02  Drone  
  49  4:06  Overlord  
  49  4:09  Drone  
  51  4:10  Drone  
  51  4:13  Drone  
  52  4:19  Overlord  
  52  4:24  Lair  
  52  4:25  Drone x3  
  52  4:29  Overlord  
  55  4:32  Drone  
  55  4:33  Drone  
  57  4:38  Drone  
  57  4:39  Drone  
  57  4:41  Drone x2  
  57  4:43  Drone x2  
  63  4:49  Roach  
  63  4:50  Roach x2  
  63  4:52  Roach  
  71  4:55  Evolution Chamber  
  71  4:56  Roach  
  71  4:57  Roach  
  74  5:02  Overlord  
  74  5:03  Overlord  
  74  5:10  Overlord  
  74  5:11  Overlord  
  74  5:13  Overlord  
  73  5:16  Overlord  
  73  5:23  Glial Reconstitution, Zerg Missile Weapons Level 1  
  73  5:25  Roach x3  
  79  5:29  Overseer  
  79  5:32  Roach  
  79  5:33  Roach x3  
  86  5:43  Overseer  
  86  5:46  Drone x8  
  86  5:47  Drone  
  86  5:49  Drone  
  92  5:52  Drone x2  
  93  6:02  Drone x2, Spire  
  93  6:03  Extractor  
  93  6:05  Drone  
  94  6:12  Drone x3  
  94  6:15  Zergling x2  
  94  6:16  Zergling x6, Queen  
  103  6:19  Extractor  
  103  6:22  Roach x2  
  105  6:26  Zergling x2  
  105  6:27  Roach x2, Zergling x2  
  105  6:31  Overlord x2  
  103  6:34  Drone  
  103  6:35  Extractor  
  103  6:36  Drone  
  104  6:43  Drone  
  104  6:44  Drone  
  106  6:49  Hatchery  
  106  6:53  Drone  
  106  6:56  Evolution Chamber  
  106  6:59  Zergling x14, Roach  
  90  7:08  Infestation Pit  
  90  7:09  Roach x3, Zergling x4  
  97  7:16  Queen x2  
  97  7:17  Zerg Ground Armor Level 1  
  97  7:19  Drone x3  
  104  7:28  Drone x2  
  104  7:29  Drone x5  
  106  7:31  Drone  
  106  7:32  Zerg Melee Weapons Level 1  
  106  7:35  Drone  
  108  7:42  Drone x2  
  110  7:44  Overlord  
  110  7:45  Pathogen Glands, Overlord  
  110  7:50  Zergling x6  
  113  7:54  Overlord  
  113  7:56  Zergling x6  
  113  7:57  Zergling x2  
  116  8:02  Queen  
  116  8:04  Queen  
  120  8:12  Infestor x3  
  120  8:13  Infestor x2  
  130  8:24  Drone  
  130  8:25  Drone x4  
  130  8:29  Hive  
  130  8:34  Zergling x2  
  130  8:35  Zergling x14  
  130  8:36  Overlord  
  130  8:40  Overlord  
  138  8:46  Ravager x2  
  138  8:47  Ravager x5  
  144  8:48  Roach x2  
  144  8:49  Roach  
  150  9:00  Roach x4, Zergling x4  
  150  9:01  Zergling x2, Roach  
  163  9:03  Overlord x2  
  163  9:09  Zergling x10  
  168  9:14  Zergling x4, Roach  
  172  9:21  Roach x2  
  172  9:22  Roach  
  172  9:23  Overseer, Overlord  
  176  9:27  Roach x2  
  180  9:32  Roach x2, Zergling x2  
  185  9:40  Roach x3, Zergling x2  
  185  9:41  Roach  
  185  9:43  Roach x2  
  190  9:46  Roach x2  
  190  9:49  Roach x2  
  198  9:55  Ultralisk Cavern  
  197  10:00  Zergling x6  
Tags
 
Add a new tag
Caveats
  • Supply blocks, unpowered buildings, or Contaminate may cause inaccurate times.
  • Supply counts are checked every 10 seconds.